 Dungeon Crawl Stone Soup version 0.31-a0-145-g046c7d2549 (webtiles) character file.

Game seed: 7703338021431643847

413 Danienth the Slasher (level 7, -2/40 (52) HPs)
             Began as a Human Reaver on June 6, 2023.
             Was an Initiate of Gozag.
             Slain by an orc warrior
             ... wielding a +2 hand axe of draining
              (3 damage)
             ... on level 4 of the Dungeon.
             The game lasted 00:17:44 (3111 turns).

Danienth the Slasher (Human Reaver)                 Turns: 3111, Time: 00:17:45

HP:   -2/40 (52)    AC: 13    Str: 12    XL:     7   Next: 14%
MP:   10/10         EV: 12    Int: 14    God:    Gozag
Gold: 344           SH:  0    Dex: 13    Spells: 10/11 levels left

rFire   + . .        a - +0 falchion (flame)
rCold   x . .        r - orb {*channel}
rNeg    . . .        g - +0 leather armour {rPois}
rPois   +            (no helmet)
rElec   .            k - +2 cloak
rCorr   .            e - +0 pair of gloves
SInv    .            f - +1 pair of boots
Will    .....        (no amulet)
Stlth   ++           c - ring of fire
HPRegen 0.26/turn    l - +4 ring of protection
MPRegen 0.12/turn

%: channel magic (20%)
@: heavily drained
A: no striking features
a: Renounce Religion, Potion Petition, Call Merchant, Bribe Branch


You were on level 4 of the Dungeon.
You worshipped Gozag.
Gozag was aware of your devotion.
You visited 1 branch of the dungeon, and saw 4 of its levels.

You collected 344 gold pieces.

Inventory:

Hand Weapons
 a - a +0 falchion of flaming (weapon)
 d - a +2 dagger of venom
Missiles
 i - 5 poisoned darts
 n - 9 curare-tipped darts (quivered)
 p - a throwing net
Armour
 b - a +0 leather armour
 e - a +0 pair of gloves (worn)
 f - a +1 pair of boots (worn)
 g - a +0 leather armour of poison resistance (worn)
 k - a +2 cloak (worn)
 r - an orb of energy (worn)
Jewellery
 c - a ring of fire (left hand)
 l - a +4 ring of protection (right hand)
 t - a ring of protection from fire
Wands
 v - a wand of mindburst (19)
Scrolls
 o - 2 scrolls of identify
 q - a scroll of magic mapping
Potions
 h - a potion of lignification {unknown}
 j - a potion of attraction {unknown}
 u - a potion of heal wounds {unknown}


   Skills:
 * Level 3.0 Fighting
 * Level 2.9(3.6) Short Blades
 + Level 3.3(3.8) Long Blades
 + Level 0.8 Throwing
 * Level 2.3 Armour
 + Level 2.5 Dodging
 * Level 2.6 Stealth
 * Level 2.6 Spellcasting
 + Level 3.1 Conjurations
 * Level 2.0 Necromancy


You had 10 spell levels left.
You knew the following spells:

 Your Spells              Type           Power      Damage    Failure   Level
a - Kiss of Death         Conj/Necr      36%        2d8       24%         1

Your spell library contained the following spells:

 Spells                   Type           Power      Damage    Failure   Level
 Momentum Strike          Conj/Tloc      12%        3d8       43%         2
 Hailstorm                Conj/Ice       6%         3d4       63%         3


Dungeon Overview and Level Annotations

Branches:
Dungeon (4/15)
 Temple: D:4-7

Altars:
Ashenzari
Elyvilon
Gozag

Shops:
D:1 :


Message History

Aim: an orc warrior, wielding a +2 hand axe of draining and wearing a +0 chain mail (lightly wounded, about 45% to evade your +0 falchion of flaming)
You hit the orc warrior. You burn the orc warrior.
The orc warrior is moderately wounded.
The orc barely misses you. The orc warrior misses you.
The orc closely misses you.
The orc warrior hits you with a +2 hand axe of draining!
You feel drained.
Hit: a) +0 falchion (flame)
Press: ? - help, Dir - move target, f/p - orc warrior
Aim: an orc warrior, wielding a +2 hand axe of draining and wearing a +0 chain mail (moderately wounded, about 45% to evade your +0 falchion of flaming)
You hit the orc warrior. You burn the orc warrior.
The orc warrior is moderately wounded.
The orc hits you but does no damage.
The orc warrior is distracted by your dazzling golden aura.
The orc warrior shouts!
Hit: a) +0 falchion (flame)
Press: ? - help, Dir - move target, f - orc, p - orc warrior
Aim: an orc, wielding a +0 short sword and wearing a +0 ring mail (about 37% to evade your +0 falchion of flaming)
You closely miss the orc. The orc hits you with a +0 short sword.
* * * LOW HITPOINT WARNING * * *
Unknown command.
Hit: a) +0 falchion (flame)
Press: ? - help, Dir - move target, f - orc warrior, p - orc
Aim: an orc warrior, wielding a +2 hand axe of draining and wearing a +0 chain mail (moderately wounded, about 45% to evade your +0 falchion of flaming)
You barely miss the orc warrior.
The orc warrior is no longer distracted by gold.
The orc warrior is moderately wounded.
The orc barely misses you.
The orc warrior hits you but does no damage.
You feel drained.
Hit: a) +0 falchion (flame)
Press: ? - help, Dir - move target, f/p - orc warrior
Aim: an orc warrior, wielding a +2 hand axe of draining and wearing a +0 chain mail (moderately wounded, about 45% to evade your +0 falchion of flaming)
You hit the orc warrior. You burn the orc warrior.
The orc warrior is heavily wounded.
The orc warrior hits you with a +2 hand axe of draining!
* * * LOW HITPOINT WARNING * * *
You feel drained.
You die...
Your body crumbles into a pile of gold.

#.# .. ##..# ....
.... ....##
...###
......###.....#.
.......#.......
.......$o......
#...@o##..).
#...........
##..........
..#####.##..####.
........# .##
####.....###
#.###..# #.# ##..
## #.#


You could see an orc warrior and an orc.

Vanquished Creatures
  2 kobold brigands (D:3)
  A hound (D:3)
  2 orc priests
  Terence (D:2)
  Natasha (twice) (D:3)
  4 adders
  A worm (D:2)
  A dart slug (D:1)
  2 orcs (D:3)
  7 ball pythons
  4 endoplasms
  A giant cockroach (D:1)
  6 hobgoblins
  6 jackals
  13 kobolds
  2 quokkas
  5 bats
  4 frilled lizards
  4 goblins
  7 rats
75 creatures vanquished.

Notes
Turn   | Place    | Note
-------+----------+-------------------------------------------
     0 | D:1      | Danienth the Human Reaver began the quest for the Orb.
     0 | D:1      | Reached XP level 1. HP: 16/16 MP: 3/3
   243 | D:1      | Found Jiso's Book Shop.
   278 | D:1      | Reached XP level 2. HP: 19/22 MP: 5/5
   288 | D:1      | Reached skill level 1 in Stealth
   439 | D:1      | Reached XP level 3. HP: 15/27 MP: 6/6
  1399 | D:2      | Reached XP level 4. HP: 31/34 MP: 7/7
  1446 | D:2      | Reached skill level 1 in Short Blades
  1446 | D:2      | Reached skill level 1 in Armour
  1449 | D:2      | Reached skill level 1 in Necromancy
  1575 | D:2      | Noticed Terence
  1594 | D:2      | Killed Terence
  1595 | D:2      | Reached XP level 5. HP: 38/39 MP: 8/8
  1634 | D:2      | Found a faded altar of an unknown god.
  1679 | D:2      | Prayed at the altar of an unknown god.
  1679 | D:2      | Became a worshipper of Gozag Ym Sagoz the Greedy
  1933 | D:3      | Found a broken altar of Ashenzari.
  2179 | D:3      | Noticed a kobold brigand
  2284 | D:3      | Noticed a kobold brigand
  2290 | D:3      | Noticed Natasha
  2302 | D:3      | Killed a kobold brigand
  2303 | D:3      | Reached XP level 6. HP: 12/46 MP: 9/9
  2441 | D:3      | Killed Natasha
  2763 | D:3      | Found a white marble altar of Elyvilon.
  2988 | D:3      | Noticed Natasha
  3001 | D:3      | Killed Natasha
  3002 | D:3      | Reached XP level 7. HP: 46/52 MP: 10/10
  3111 | D:4      | HP: 1/42 [orc warrior/+2 hand axe of draining (11)]
  3111 | D:4      | Slain by an orc warrior

Illustrated notes

Levels and vault maps discovered:
D:1:      tarquinn_simple_flora_water_c, layout_loops_ring, serial_shops, shop,
          minmay_small_reverse_x
D:2:      layout_rooms, basic_ecumenical_altar, grunt_ministairs_3,
          roderic_serpentine_path, uniq_terence
D:3:      cheibrodos_thug_alley, layout_basic, ashenzari_conservatory_becter,
          elyvilon_altar_1, uniq_natasha
D:4:      layout_layer_cave, jmf_multi_god_temple2, fiery_altar_vehumet,
          minmay_temple_entry_mist, gammafunk_ghost_mausoleum, dk_noncrumbling_4

Skill      XL: |  1  2  3  4  5  6  7 |
---------------+----------------------+-----
Stealth        | 1 2 |  2.6
Short Blades   | 1 2 |  2.9
Armour         | 1 2 |  2.3
Necromancy     | 1 2 |  2.0
Fighting       | 3 |  3.0
Long Blades    | |  3.3
Throwing       | |  0.8
Dodging        | |  2.5
Spellcasting   | |  2.6
Conjurations   | |  3.1

Action                     |  1- 3 |  4- 6 |  7- 9 || total
---------------------------+-------+-------+-------++-------
  Melee: Dagger            |    82 |   104 |       ||   186
         Falchion          |     9 |    53 |    15 ||    77
  Throw: Dart              |       |    19 |       ||    19
         Throwing net      |       |     1 |       ||     1
    Use: Scroll            |     3 |     7 |       ||    10
         Potion            |     2 |     3 |       ||     5
   Stab: Sleeping          |     1 |     3 |       ||     4
 Armour: Leather armour    |    40 |    57 |     7 ||   104
  Dodge: Dodged            |    75 |   113 |    16 ||   204

Table legend: (Time is in decaauts)
 A = Elapsed time spent in this place.
 B = Non-inter-level travel time spent in this place.
 C = Inter-level travel time spent in this place.
 D = Time resting spent in this place.
 E = Time spent auto-exploring this place.
 F = Levels seen in this place.
 G = Mean time per level.
                   A        B        C        D        E       F      G
               +--------+--------+--------+--------+--------+-----+--------+
         Total |   3122 |   2922 |    200 |    260 |   2031 |   4 |  780.5 |
       Dungeon |   3122 |   2922 |    200 |    260 |   2031 |   4 |  780.5 |
               +--------+--------+--------+--------+--------+-----+--------+

Top non-repeatable levels by time:
     D:3: 1212 daAuts
     D:1: 1117 daAuts
     D:2: 773 daAuts
     D:4: 19 daAuts
